 Dungeon Crawl Stone Soup version 0.25.0-37-gb73750e0fb (webtiles) character file.

Game seed: 8078324607528268607

9220 Melfegor the Carver (level 11, -1/97 HPs)
             Began as a Minotaur Fighter on July 9, 2020.
             Was a Priest of Elyvilon.
             Slain by a 14-headed hydra (6 damage)
             ... on level 9 of the Dungeon.
             The game lasted 00:58:26 (9161 turns).

Melfegor the Carver (Minotaur Fighter)              Turns: 9161, Time: 00:58:26

Health: -1/97      AC: 22    Str: 21    XL:     11   Next: 20%
Magic:  7/11       EV: 11    Int:  5    God:    Elyvilon [***...]
Gold:   431        SH: 12    Dex: 13    Spells: 10/10 levels left

rFire    x . .     SeeInvis .   u - +5 scimitar (elec)
rCold    + + .     Gourm    .   c - +1 kite shield
rNeg     + . .     Faith    .   x - +0 ice dragon scales
rPois    .         Spirit   .   (helmet restricted)
rElec    .         Reflect  .   (no cloak)
rCorr    .         Harm     .   E - +0 pair of gloves
MR       .....                  s - +0 pair of boots
Stlth    ..........             (no amulet)
HPRegen  0.26/turn              h - ring of positive energy
MPRegen  0.12/turn              B - +4 ring of protection

@: no status effects
A: retaliatory headbutt, horns 2, slimy green scales 1, sense surroundings 1,
wild magic 1
a: Lesser Healing, Heal Other, Purification, Divine Protection, Renounce
Religion


You were on level 9 of the Dungeon.
You worshipped Elyvilon.
Elyvilon was most pleased with you.
You were hungry.

You visited 2 branches of the dungeon, and saw 10 of its levels.

You collected 431 gold pieces.

Inventory:

Hand Weapons
 p - a +2 short sword of distortion
 u - a +5 scimitar of electrocution (weapon)
Missiles
 n - 2 silver boomerangs (quivered)
Armour
 c - a +1 kite shield (worn)
 s - a +0 pair of boots (worn)
 v - a +0 plate armour
 x - +0 ice dragon scales (worn)
 C - a scarf of invisibility
 E - a +0 pair of gloves (worn)
Jewellery
 e - an uncursed ring of ice
 h - a ring of positive energy (left hand)
 B - a +4 ring of protection (right hand)
Wands
 g - a wand of disintegration (6)
 j - a wand of flame (9)
 q - a wand of digging (12)
 r - a wand of enslavement (10)
 y - a wand of iceblast (9)
Scrolls
 b - a scroll of amnesia
 k - 3 scrolls of remove curse
 m - 2 scrolls of magic mapping
 w - a scroll of teleportation
Potions
 a - a potion of ambrosia
 d - a potion of might
 i - 3 potions of curing
 t - a potion of brilliance
 z - a potion of heal wounds
 A - a potion of haste
Comestibles
 f - 29 rations
 o - 17 chunks of flesh


   Skills:
 + Level 9.6 Fighting
 - Level 6.1(9.0) Short Blades
 + Level 11.0(11.7) Long Blades
 * Level 10.4 Armour
 + Level 5.7 Dodging
 - Level 8.2 Shields
 + Level 2.2 Invocations


You had 10 spell levels left.
You didn't know any spells.
Your spell library contained the following spells:

 Spells                   Type           Power        Failure   Level  Hunger
 Foxfire                  Conj/Fire      #...         99%         1    ##.....
 Conjure Flame            Conj/Fire      #.......     100%        3    ####...
 Inner Flame              Hex/Fire       #.......     100%        3    ####...
 Sticky Flame             Conj/Fire      #.......     100%        4    #####..
 Fireball                 Conj/Fire      #.........   100%        5    ######.


Dungeon Overview and Level Annotations

Branches:
Dungeon (9/15)             Temple (0/1) D:6            Lair (1/6) D:9
    Orc: D:9-12

Altars:
Cheibriados
Dithmenos
Elyvilon
Kikubaaqudgha
Nemelex Xobeh
Sif Muna
Trog
Wu Jian
Xom
The Shining One

Shops:
D:8 }[

Annotations:
D:5 3 runed translucent doors, Trampli's ghost, novice TrFi
D:7 1 runed translucent door, exclusion: orange crystal statue


Innate Abilities, Weirdness & Mutations

You reflexively headbutt those who attack you in melee.
You have a pair of horns on your head.
You are partially covered in slimy green scales. (AC +2)
You passively map a small area around you.
Your spells are a little harder to cast, but a little more powerful.


Message History

The 14-headed hydra closely misses you.
You riposte.
You hit the 14-headed hydra. You headbutt the 14-headed hydra!
The 14-headed hydra is moderately wounded.
The 14-headed hydra bites you.
* * * LOW HITPOINT WARNING * * *
You block the 14-headed hydra's attack.
The 14-headed hydra bites you but does no damage.
You block the 14-headed hydra's attack.
The 14-headed hydra bites you but does no damage. x2
The 14-headed hydra bites you!
* * * LOW HITPOINT WARNING * * *
The 14-headed hydra barely misses you.
The 14-headed hydra bites you but does no damage. x3
The 14-headed hydra bites you.
* * * LOW HITPOINT WARNING * * *
The 14-headed hydra misses you.
You feel better. The 14-headed hydra bites you!
* * * LOW HITPOINT WARNING * * *
The 14-headed hydra bites you.
You die... * ...P.......P...# , , ..P..P.PP.P.PP... , * P..PP.PP..PP..... * ..PPPPPP.PPPP..P. ,* ..PP.....PPPPPP... , ..PP..PPPP..PPPP.PP *, ..PPP.P.PP.PPPPPP.. , ..P.P.PP.>.DP.PPP.., * * P.P.PP.PPPP@......P,, , ,..PP..PPPPP.PPPP.P.

, P...P.P....PP.P....
*
*..P..P.P...PPP....P
,* ,
......P.PPP.P..P....
, *
####....P.รท.........
, .....#.P..P........
, ####,#.....##......
,,,.., +..........##.
, #


You could see a 14-headed hydra.

Vanquished Creatures
  A death yak (D:9)
  A manticore (D:8)
  A black mamba (Lair:1)
  A spiny frog (Lair:1)
  A troll (D:9)
  A hippogriff (D:8)
  Sigmund (D:4)
  3 hogs (D:7)
  14 yaks
  A human (D:7)
  Edmund (D:5)
  2 water moccasins
  A porcupine (D:9)
  An acid dragon (D:8)
  2 orc warriors
  3 sky beasts
  A hornet zombie (D:7)
  3 black bears
  A phantom (D:4)
  3 centaurs
  3 ogres
  3 crocodiles
  A big kobold (D:8)
  Blork the orc (D:5)
  2 gnoll sergeants
  3 bullfrogs
  4 scorpions
  An electric eel (D:9)
  2 howler monkeys
  9 crimson imps
  2 centaur zombies
  3 hounds
  A centaur skeleton (D:8)
  5 orc priests
  A jelly (D:8)
  9 orc wizards
  A bullfrog skeleton (D:4)
  5 worker ants
  2 iguanas
  A hound skeleton (D:5)
  Robin (D:3)
  12 adders
  11 gnolls
  A howler monkey skeleton (D:6)
  2 shadow imps
  3 oozes
  4 worms
  5 dart slugs
  7 leopard geckos
  42 orcs
  5 bats
  3 giant cockroaches
  21 goblins
  15 hobgoblins
  6 jackals (D:3)
  5 quokkas
  5 frilled lizards
  22 kobolds
  3 leopard gecko skeletons
  A leopard gecko zombie (D:5)
  7 rats
  A fungus (D:9)
  3 plants (D:9)
287 creatures vanquished.

Vanquished Creatures (others)
  2 fungi (D:9)
  2 plants (Lair:1)
4 creatures vanquished.

Grand Total: 291 creatures vanquished

Notes
Turn   | Place    | Note
-------+----------+-------------------------------------------
     0 | D:1      | Melfegor the Minotaur Fighter began the quest for the Orb.
     0 | D:1      | Reached XP level 1. HP: 19/19 MP: 0/0
   128 | D:1      | Reached XP level 2. HP: 26/26 MP: 1/1
   441 | D:1      | Reached skill level 3 in Long Blades
   688 | D:1      | Reached XP level 3. HP: 31/31 MP: 2/2
   986 | D:2      | Reached skill level 1 in Dodging
  1338 | D:2      | Found a white marble altar of Elyvilon.
  1362 | D:2      | Became a worshipper of Elyvilon the Healer
  1887 | D:3      | Reached XP level 4. HP: 28/40 MP: 3/3
  2014 | D:3      | Noticed Robin
  2040 | D:3      | Killed Robin
  2226 | D:3      | Reached skill level 1 in Short Blades
  2226 | D:3      | Reached skill level 4 in Long Blades
  2226 | D:3      | Reached XP level 5. HP: 43/46 MP: 4/4
  2235 | D:3      | Reached skill level 5 in Shields
  2412 | D:3      | Reached * piety under Elyvilon
  2454 | D:3      | Found a shimmering altar of Xom.
  2488 | D:3      | Reached XP level 6. HP: 38/53 MP: 5/5
  3130 | D:4      | Reached XP level 7. HP: 59/60 MP: 6/6
  3195 | D:4      | Noticed Sigmund
  3212 | D:4      | Killed Sigmund
  3212 | D:4      | Reached skill level 5 in Short Blades
  3212 | D:4      | Reached skill level 5 in Armour
  3315 | D:4      | Reached skill level 5 in Fighting
  3517 | D:4      | Reached ** piety under Elyvilon
  3762 | D:4      | Found an ornate altar of the Wu Jian Council.
  3868 | D:5      | Entered Level 5 of the Dungeon
  3922 | D:5      | Noticed Edmund
  3926 | D:5      | Reached XP level 8. HP: 46/69 MP: 7/7
  3930 | D:5      | Killed Edmund
  4369 | D:5      | Found a sparkling altar of Nemelex Xobeh.
  4731 | D:5      | Found a runed translucent gate.
  4735 | D:5      | Found a runed translucent gate.
  4784 | D:5      | Noticed Trampli's ghost (novice TrFi)
  4787 | D:5      | Found a runed translucent gate.
  4840 | D:5      | Noticed Blork the orc
  4848 | D:5      | Killed Blork the orc
  5133 | D:6      | Reached skill level 1 in Invocations
  5173 | D:6      | Found a staircase to the Ecumenical Temple.
  5210 | D:6      | Found a shadowy altar of Dithmenos.
  5327 | D:6      | Reached XP level 9. HP: 78/78 MP: 8/8
  5331 | D:6      | Reached skill level 5 in Long Blades
  5618 | D:6      | Found a snail-covered altar of Cheibriados.
  5623 | D:6      | Found a glowing golden altar of the Shining One.
  5628 | D:6      | Found a shimmering blue altar of Sif Muna.
  5628 | D:6      | Found an ancient bone altar of Kikubaaqudgha.
  5633 | D:6      | Found a bloodstained altar of Trog.
  5634 | D:6      | Found a sparkling altar of Nemelex Xobeh.
  5783 | D:6      | Reached *** piety under Elyvilon
  5965 | D:7      | Found the +10 tower shield of Ignorance {rN+ Int-4}
  5969 | D:7      | Gained mutation: Your spells are a little harder to cast,
                  | but a little more powerful. [potion of mutation]
  5969 | D:7      | Gained mutation: You passively map a small area around you.
                  | [potion of mutation]
  5969 | D:7      | Gained mutation: You are partially covered in slimy green
                  | scales. (AC +2) [potion of mutation]
  6233 | D:7      | Found a runed translucent door.
  6234 | D:7      | Noticed an orange crystal statue
  6275 | D:7      | Found a runed translucent door.
  6317 | D:7      | Reached skill level 6 in Long Blades
  6664 | D:7      | Reached skill level 7 in Long Blades
  7065 | D:8      | Reached **** piety under Elyvilon
  7105 | D:8      | Reached skill level 8 in Long Blades
  7117 | D:8      | Reached XP level 10. HP: 76/88 MP: 9/9
  7214 | D:8      | Found Simett's Armour Shop.
  7360 | D:8      | Reached skill level 5 in Dodging
  7726 | D:8      | Noticed a manticore
  7737 | D:8      | Killed a manticore
  7737 | D:8      | Reached skill level 9 in Long Blades
  7951 | D:8      | Found Surewn's Gadget Shoppe.
  8242 | D:9      | Noticed a death yak
  8254 | D:9      | Killed a death yak
  8279 | D:9      | Reached skill level 10 in Long Blades
  8643 | D:9      | Found a sparkling altar of Nemelex Xobeh.
  8946 | D:9      | Reached XP level 11. HP: 97/97 MP: 11/11
  8952 | D:9      | Reached skill level 10 in Armour
  8983 | D:9      | Found a staircase to the Lair.
  9029 | Lair:1   | Entered Level 1 of the Lair of Beasts
  9107 | Lair:1   | Reached skill level 11 in Long Blades
  9117 | Lair:1   | Noticed an eight-headed hydra
  9160 | D:9      | HP: 4/97 [14-headed hydra (2)]
  9161 | D:9      | Slain by a 14-headed hydra

Illustrated notes

Levels and vault maps discovered:
D:1:      heliophobic_arrival_dark_side_of_the_moon, layout_basic,
          kennysheep_another_room
D:2:      layout_rooms, elyvilon_altar_4, grunt_ministairs_5
D:3:      layout_loops_ring, led_xom_imps, uniq_robin
D:4:      layout_loops_ring, lemuel_coloured_pillars_altar, first_ration,
          minmay_door_square, uniq_sigmund
D:5:      layout_loops_ring, nicolae_overflow_hidden_temple,
          ebering_ghost_rock_garden, kennysheep_doodads,
          nemelex_dance_club_becter, uniq_edmund, uniq_blork_the_orc
D:6:      corexii_shantytown, layout_basic, minitemple,
          minmay_temple_entry_junction_2, basic_altar
D:7:      layout_gridville, grunt_livestock, chequers_guarded_unrand_ignorance
D:8:      layout_cave_pools, serial_shops, kennysheep_little_box, shop_statue,
          minmay_three_doors
D:9:      argonaut_augean_stables, layout_basic, due_lair_maze_entry_diamond,
          nemelex_spade_bored_becter
Lair:1:   layout_loops_ring, chequers_serial_rivers_micro_a,
          chequers_serial_rivers_large_b, lemuel_fruit_tree, grunt_megastairs_5,
          minmay_lair_oklob_chamber, uniq_nergalle, uniq_erica, uniq_maggie

Skill      XL: |  1  2  3  4  5  6  7  8  9 10 11 |
---------------+----------------------------------+-----
Shields        | 4 5 7 8 |  8.2
Armour         | 4 5 7 8 9 10 | 10.4
Long Blades    | 3 4 8 10 11 | 11.0
Dodging        | 1 2 3 4 5 |  5.7
Short Blades   | 1 2 4 5 6 |  6.1
Fighting       | 4 5 6 7 9 |  9.6
Invocations    | 1 2 |  2.2

Action                   |  1- 3 |  4- 6 |  7- 9 | 10-12 || total
-------------------------+-------+-------+-------+-------++-------
Melee: Long sword        |    89 |       |       |       ||    89
       Headbutt          |     6 |    19 |    61 |    44 ||   130
       Short sword       |     7 |   134 |   110 |       ||   251
       Scimitar          |       |       |   183 |   196 ||   379
Invok: Lesser Healing    |       |       |    14 |     5 ||    19
       Greater Healing   |       |       |       |     4 ||     4
       Purification      |       |       |       |     1 ||     1
Evoke: Wand              |       |     1 |       |       ||     1
  Use: Scroll            |     4 |     4 |    11 |     4 ||    23
       Potion            |     6 |       |     5 |     3 ||    14
  Eat: Chunk             |     3 |     4 |    12 |     5 ||    24
       Ration            |       |       |     1 |     1 ||     2
Armor: Scale mail        |    63 |    48 |    54 |       ||   165
       Chain mail        |       |       |    21 |       ||    21
       Ice dragon scales |       |       |       |   110 ||   110
       Plate armour      |       |       |       |     6 ||     6
Dodge: Dodged            |    33 |    40 |    85 |    99 ||   257
Block: Kite shield       |    63 |    70 |   175 |   139 ||   447
       Rpst.: Long sword |    12 |       |       |       ||    12
       Scimitar          |       |       |    14 |    17 ||    31
